Map: Bel'Shir Vestige LE (Void)

Players

Musumeci

  • Race: Zerg Zerg
  • League: Diamond
  • Spawn Location: 11:00

Deep - Winner!

  • Race: Protoss Protoss
  • Spawn Location: 5:00

VOD

Have the link to the VOD?

Description

Time

  • Played on: March 15, 2017, 1:54 p.m.
  • Length: 9:49
Show
View Real Time Build Order
Export as new Build Order

Musumeci Zerg 

Build Orders: Hatch First 

Get SALT Encoding   

  12  0:04  Drone  
  13  0:08  Drone  
  14  0:22  Drone, Extractor  
  15  0:43  Hatchery  
  15  0:48  Drone, Extractor  
  15  1:15  Spawning Pool  
  15  1:16  Drone, Extractor  
  14  1:29  Overlord  
  14  1:47  Drone x3  
  17  1:55  Drone  
  18  2:01  Queen  
  18  2:02  Queen  
  18  2:04  Drone  
  18  2:08  Drone  
  24  2:11  Drone  
  25  2:17  Drone  
  25  2:20  Overlord  
  26  2:29  Drone  
  27  2:30  Drone  
  27  2:34  Metabolic Boost  
  28  3:02  Hatchery  
  28  3:03  Drone x4  
  28  3:04  Drone  
  32  3:10  Drone  
  33  3:16  Drone  
  33  3:17  Drone x2  
  36  3:22  Overlord  
  36  3:25  Overlord  
  36  3:34  Lair  
  36  3:41  Drone x2  
  36  3:42  Drone x3  
  36  3:44  Drone  
  42  3:51  Drone, Baneling Nest, Extractor  
  42  3:52  Drone  
  42  3:54  Drone  
  43  3:56  Zergling x2  
  44  4:03  Spore Crawler  
  44  4:06  Spore Crawler  
  42  4:13  Zergling x10  
  47  4:33  Overlord x2  
  45  4:58  Spire  
  45  4:59  Extractor  
  41  5:00  Extractor  
  41  5:05  Drone x10  
  49  5:15  Queen  
  49  5:18  Zergling x6  
  54  5:30  Overlord x2  
  54  5:35  Baneling x3  
  54  5:36  Baneling x2  
  54  5:40  Baneling x2  
  49  6:00  Zergling x26  
  51  6:05  Queen  
  51  6:11  Mutalisk  
  51  6:12  Mutalisk x4  
  59  6:28  Mutalisk  
  56  6:51  Hatchery  
  55  6:57  Zergling x18  
  64  7:23  Baneling x3  
  64  7:28  Baneling  
  64  7:31  Baneling  
  64  7:36  Drone x2  
  66  7:39  Baneling x2  
  66  7:42  Zergling x2  
  66  7:43  Overlord x2  
  66  7:44  Overlord  
  67  7:54  Baneling x4  
  67  8:02  Zergling x10  
  52  8:34  Zergling x8  
  52  8:35  Zergling x20  
  51  8:58  Baneling  
  51  8:59  Baneling, Zergling x12  
  51  9:00  Zergling x4  
  59  9:03  Drone  
  59  9:04  Drone x2  
  59  9:06  Evolution Chamber  
  59  9:08  Drone  
  60  9:28  Zergling x18  
Show
View Real Time Build Order
Export as new Build Order

Deep Protoss - Winner!

Build Orders:  

Get SALT Encoding   

  12  0:00  Probe (Chrono Boost)  
  13  0:11  Probe (Chrono Boost)  
  14  0:20  Pylon  
  14  0:22  Probe (Chrono Boost)  
  15  0:38  Probe (Chrono Boost)  
  16  0:49  Probe (Chrono Boost)  
  17  0:59  Probe (Chrono Boost)  
  18  1:10  Nexus  
  18  1:14  Probe (Chrono Boost)  
  19  1:20  Gateway  
  19  1:25  Assimilator, Probe (Chrono Boost)  
  20  1:30  Assimilator  
  20  1:35  Probe (Chrono Boost)  
  21  1:40  Pylon  
  21  1:46  Probe (Chrono Boost)  
  22  1:56  Probe (Chrono Boost)  
  23  2:07  Probe (Chrono Boost)  
  24  2:11  Cybernetics Core, Zealot  
  26  2:17  Probe (Chrono Boost)  
  27  2:23  Probe (Chrono Boost)  
  27  2:28  Probe (Chrono Boost)  
  29  2:34  Probe (Chrono Boost)  
  30  2:38  Gateway, Probe (Chrono Boost)  
  30  2:44  Probe (Chrono Boost)  
  30  2:48  Stalker, Warp Gate  
  33  2:53  Twilight Council  
  33  2:57  Probe (Chrono Boost)  
  33  2:58  Probe (Chrono Boost)  
  35  3:11  Pylon  
  35  3:12  Probe (Chrono Boost)  
  36  3:15  Probe (Chrono Boost)  
  37  3:20  Charge  
  37  3:22  Probe (Chrono Boost)  
  37  3:25  Probe (Chrono Boost)  
  39  3:33  Probe (Chrono Boost)  
  40  3:36  Robotics Facility, Probe (Chrono Boost)  
  41  3:42  Gateway  
  41  3:43  Probe (Chrono Boost)  
  41  3:46  Probe (Chrono Boost)  
  43  3:48  Gateway  
  44  3:56  Probe (Chrono Boost)  
  44  4:00  Pylon  
  44  4:03  Probe (Chrono Boost)  
  44  4:08  Zealot  
  44  4:09  Mothership Core (Chrono Boost)  
  49  4:14  Probe (Chrono Boost)  
  50  4:24  Warp Prism  
  50  4:26  Probe (Chrono Boost)  
  50  4:27  Zealot  
  55  4:35  Zealot  
  57  4:49  Probe (Chrono Boost)  
  57  4:50  Zealot, Probe (Chrono Boost)  
  54  5:04  Zealot  
  57  5:08  Probe (Chrono Boost)  
  57  5:13  Zealot  
  59  5:15  Pylon  
  59  5:22  Zealot  
  59  5:26  Pylon  
  61  5:44  Pylon  
  61  5:45  Zealot x3  
  67  5:56  Forge  
  67  5:58  Forge, Immortal  
  67  6:01  Zealot  
  69  6:09  Blink  
  67  6:15  Zealot x3  
  73  6:23  Assimilator  
  73  6:24  Assimilator  
  71  6:29  Stalker, Gateway  
  71  6:30  Gateway  
  62  6:33  Probe (Chrono Boost)  
  62  6:40  Stalker x3  
  62  6:43  Photon Cannon  
  60  6:47  Photon Cannon  
  60  6:49  Probe (Chrono Boost)  
  60  6:50  Photon Cannon  
  59  6:58  Pylon  
  59  6:59  Stalker  
  59  7:00  Pylon  
  61  7:03  Protoss Ground Weapons Level 1, Pylon  
  61  7:07  Photon Cannon, Probe (Chrono Boost)  
  62  7:10  Pylon  
  61  7:21  Stalker x3  
  67  7:28  Probe (Chrono Boost)  
  69  7:30  Probe (Chrono Boost)  
  69  7:34  Photon Cannon  
  69  7:40  Probe (Chrono Boost)  
  70  7:49  Photon Cannon  
  70  7:57  Stalker x3  
  70  7:58  Stalker  
  78  8:06  Photon Cannon  
  69  8:39  Zealot x4  
  69  8:40  Zealot  
  78  8:45  Probe (Chrono Boost)  
  78  8:46  Probe (Chrono Boost)  
  78  8:56  Probe (Chrono Boost)  
  78  8:57  Probe (Chrono Boost)  
  78  9:00  Zealot  
  82  9:05  Pylon  
  82  9:06  Zealot, Probe (Chrono Boost)  
  82  9:07  Probe (Chrono Boost)  
  87  9:17  Probe (Chrono Boost)  
  87  9:18  Probe (Chrono Boost)  
  87  9:21  Zealot x2  
  90  9:27  Probe (Chrono Boost)  
  90  9:29  Probe (Chrono Boost)  
  91  9:34  Gateway  
  91  9:46  Zealot x3  
Tags
 
Add a new tag
Caveats
  • Supply blocks, unpowered buildings, or Contaminate may cause inaccurate times.
  • Supply counts are checked every 10 seconds.